 Dungeon Crawl Stone Soup version 0.32-a0-721-g4b9ed32 (webtiles) character file.

Game seed: 13281550467040678608

1943 PidgeyThePirate the Skirmisher (level 9, -7/66 HPs)
             Began as a Coglin Hunter on Mar 16, 2024.
             Was a Believer of Okawaru.
             Succumbed to a kobold brigand's curare-tipped dart
             ... on level 6 of the Dungeon.
             The game lasted 00:14:42 (4317 turns).

PidgeyThePirate the Skirmisher (Coglin Hunter)      Turns: 4317, Time: 00:14:43

Health: -7/66      AC:  9    Str: 14    XL:     9   Next: 18%
Magic:  9/9        EV: 12    Int: 11    God:    Okawaru [**....]
Gold:   220        SH:  0    Dex: 23    Spells: 8/8 levels left

rFire   . . .        a - +3 sling {Æðelind}
rCold   . . .        p - +5 sling of the Hurling Gods {heavy, Dex+3}
rNeg    . . .        c - +0 leather armour
rPois   .            h - +2 helmet {Int+3}
rElec   .            k - +2 cloak
rCorr   .            (no gloves)
SInv    .            (no boots)
Will    .....        (amulet unavailable)
Stlth   ++           (ring unavailable)
HPRegen 0.31/turn    (ring unavailable)
MPRegen 0.11/turn    (no gizmo)

%: no passive effects
@: lethally poisoned (-7 -> -27), weak-willed, slowed, revved, very slow
A: off-hand wielding, slow wielding, warmup strikes, no jewellery
a: Invent Gizmo, Renounce Religion, Heroism


You were on level 6 of the Dungeon.
You worshipped Okawaru.
Okawaru was pleased with you.
You visited 2 branches of the dungeon, and saw 7 of its levels.

You collected 220 gold pieces.

Inventory:

Hand Weapons
 a - a +3 sling (weapon) {Æðelind}
 p - the +5 sling of the Hurling Gods (offhand) {heavy, Dex+3}
   (You found it on level 2 of the Dungeon)

   Dex+3:     It affects your dexterity (+3).
Missiles
 g - a throwing net
Armour
 c - a +0 leather armour (worn)
 h - a +2 helmet of intelligence (worn)
 k - a +2 cloak (worn)
Scrolls
 d - a scroll of silence
 e - a scroll of immolation
Potions
 f - a potion of degeneration {unknown}
 i - a potion of magic {unknown}
 j - 3 potions of might {unknown}
 o - a potion of mutation {unknown}
 u - 2 potions of lignification {unknown}


   Skills:
 + Level 4.7 Fighting
 + Level 10.0 Ranged Weapons
 + Level 1.9 Armour
 + Level 3.1 Dodging
 + Level 1.1 Stealth


You had 8 spell levels left.
You didn't know any spells.
Your spell library contained the following spells:

 Spells                   Type           Power      Damage    Failure   Level
 Inner Flame              Hex/Fire       0%         N/A       78%         3
 Flame Wave               Conj/Fire      0%         2d4       99%         4
 Sticky Flame             Fire/Alch      0%         2d4       99%         4


Dungeon Overview and Level Annotations

Branches:
Dungeon (6/15)             Temple (1/1) D:5

Altars:
Cheibriados
Elyvilon
Gozag
Kikubaaqudgha
Makhleb
Nemelex Xobeh
Okawaru
Qazlal
Ru
Uskayaw
Wu Jian
Xom
Yredelemnul

Shops:
D:2 [=((?   D:5 :!

Annotations:
D:3 2 runed translucent doors, Crazy Yiuf


Innate Abilities, Weirdness & Mutations

You can wield a second weapon in your off-hand.
It takes a long time for you to wield or remove held weapons.
Your first few attacks do less damage.
You cannot equip rings or amulets.


Message History

The kobold brigand hits you but does no damage.
The kobold brigand barely misses you.
You feel sick. The ufetubus slips past you!
The ufetubus hits you but does no damage.
The ufetubus barely misses you.
The kobold brigand throws a curare-tipped dart.
The curare-tipped dart hits you.
You are more poisoned.
You have difficulty breathing.
* * * LOW HITPOINT WARNING * * *
You feel as though you will be slow longer.
A kobold comes into view. It is wielding a +0 dagger.
You see here a killer bee corpse.
Fire: a) +3 sling {Æðelind}
Press: ? - help, Q - select action, (/) - cycle Shift-Dir - straight line, f - ufetubus
Aim: an ufetubus (57% to hit)
You shoot a sling bullet. The kobold shouts!
The sling bullet hits the ufetubus!!
You kill the ufetubus!
Okawaru accepts your kill.
You shoot a sling bullet.
* * * LOW HITPOINT WARNING * * *
You feel very sick.
The kobold brigand throws a curare-tipped dart.
The curare-tipped dart hits you.
You are more poisoned.
You have difficulty breathing.
* * * LOW HITPOINT WARNING * * *
You feel as though you will be slow longer.
Fire: a) +3 sling {Æðelind}
Press: ? - help, Q - select action, (/) - cycle Shift-Dir - straight line, f - kobold brigand
Aim: a kobold brigand, wielding a +0 dagger and quivering curare-tipped darts (65% to hit)
You shoot a sling bullet.
The sling bullet hits the kobold brigand!
The kobold brigand is moderately wounded.
You shoot a sling bullet.
The sling bullet hits the kobold brigand!
The kobold brigand is heavily wounded.
You die...

.........
.........
........ ## ####
......#####.##..#
......#.....)...#
......#......)..#
......#....!##†)#
......#.<)
##..####'#
......#.
#..)@KK..#
......#
##..##.......'
......# ##..#
...##.. ......#
#...##...#
......#
#........#
......#
##.†##...#
'##############'#
...#
................#
...#
................#
#


You could see a kobold brigand and a kobold.

Vanquished Creatures
  Duvessa (D:5)
  An ice beast (D:5)
  3 ogres (D:6)
  A kobold brigand (D:6)
  A phantom (D:5)
  A bullfrog (D:6)
  3 scorpions (D:6)
  Dowan (D:5)
  5 killer bees (D:6)
  A vampire bat (D:5)
  2 bombardier beetles
  2 hounds
  3 jellies (D:5)
  An orc priest (D:6)
  A human skeleton (D:3)
  Natasha (twice) (D:2)
  An iguana (D:5)
  5 orc wizards
  11 gnolls
  4 adders
  An ufetubus (D:6)
  3 dart slugs
  3 fire bats (D:5)
  A ribbon worm (D:5)
  14 orcs
  2 spectral bats (D:5)
  11 ball pythons
  3 bat skeletons (D:5)
  A bat zombie (D:5)
  8 endoplasms
  2 giant cockroaches (D:1)
  6 goblins
  6 hobgoblins
  2 jackals (D:3)
  6 quokkas
  14 bats
  A bat simulacrum (D:5)
  3 frilled lizards
  11 kobolds
  8 rats
156 creatures vanquished.

Notes
Turn   | Place    | Note
-------+----------+-------------------------------------------
     0 | D:1      | PidgeyThePirate the Coglin Hunter began the quest for the
                  | Orb.
     0 | D:1      | Reached XP level 1. HP: 16/16 MP: 1/1
    73 | D:1      | Reached XP level 2. HP: 22/22 MP: 2/2
    85 | D:1      | Reached skill level 4 in Ranged Weapons
   333 | D:1      | Reached XP level 3. HP: 27/27 MP: 3/3
   440 | D:2      | Found Haoxuonn's Antique Armour Emporium.
   478 | D:2      | Found Puin's Jewellery Shoppe.
   591 | D:2      | Noticed Natasha
   600 | D:2      | Killed Natasha
   601 | D:2      | Reached XP level 4. HP: 27/34 MP: 4/4
   709 | D:2      | Found Omufick's Magic Scroll Shoppe.
   713 | D:2      | Identified the +5 sling of the Hurling Gods {heavy, Dex+3}
   882 | D:2      | Found Apuj's Antique Weapon Emporium.
   981 | D:2      | Noticed Natasha
   984 | D:2      | Killed Natasha
   985 | D:2      | Reached skill level 5 in Ranged Weapons
   992 | D:2      | Found Sisel's Antique Weapon Boutique.
  1063 | D:3      | Reached XP level 5. HP: 39/39 MP: 5/5
  1146 | D:3      | Found a runed translucent door.
  1146 | D:3      | Noticed a human
  1150 | D:3      | Found a basalt altar of Yredelemnul.
  1262 | D:3      | Found a faded altar of an unknown god.
  1596 | D:3      | Found a runed translucent door.
  1597 | D:3      | Noticed Crazy Yiuf
  1986 | D:4      | Reached skill level 6 in Ranged Weapons
  1986 | D:4      | Reached XP level 6. HP: 46/46 MP: 6/6
  1988 | D:4      | Found the +6 lightning scales {swift, rElec}
  2338 | D:5      | Entered Level 5 of the Dungeon
  2338 | D:5      | Noticed Duvessa
  2338 | D:5      | Noticed Dowan
  2338 | D:5      | Found Hirak's Book Boutique.
  2397 | D:5      | Found Tohemn's Distillery.
  2607 | D:5      | Found a staircase to the Ecumenical Temple.
  2618 | Temple   | Entered the Ecumenical Temple
  2632 | Temple   | Became a worshipper of Warmaster Okawaru
  2735 | D:5      | Reached XP level 7. HP: 52/52 MP: 7/7
  2843 | D:5      | Reached skill level 1 in Armour
  2956 | D:5      | Reached skill level 7 in Ranged Weapons
  3018 | D:5      | Killed Dowan
  3187 | D:5      | Reached * piety under Okawaru
  3190 | D:5      | Killed Duvessa
  3191 | D:5      | Reached skill level 8 in Ranged Weapons
  3191 | D:5      | Reached XP level 8. HP: 26/60 MP: 8/8
  3828 | D:6      | Reached skill level 1 in Stealth
  3992 | D:6      | Reached ** piety under Okawaru
  3993 | D:6      | Reached skill level 9 in Ranged Weapons
  4255 | D:6      | Reached XP level 9. HP: 66/66 MP: 9/9
  4313 | D:6      | Reached skill level 10 in Ranged Weapons
  4316 | D:6      | HP: 1/66 [asphyx]
  4317 | D:6      | Succumbed to a kobold brigand's curare-tipped dart

Illustrated notes

Levels and vault maps discovered:
D:1:      saegor_arrival_simple_c, layout_rooms, minmay_misc_feat_diagonals
D:2:      layout_basic, serial_shops, nicolae_shop_window_shopping,
          nicolae_shop_crystal, nicolae_shop_hallway_plus, nicolae_diamond_shop,
          nicolae_shop_temple_entry_statues_fountains, uniq_natasha
D:3:      layout_basic, dk_yredelemnul_ordeal,
          hellmonk_ecumenical_altar_crossroads, uniq_crazy_yiuf_cottage
D:4:      layout_basic
D:5:      layout_basic, minmay_temple_entry_junction, serial_shops,
          nicolae_stop_n_shop_2, minmay_misc_feat_square,
          nicolae_kite_square_tiling_tiny, nicolae_stop_n_shop_1,
          minmay_crystal_room, goddamned_bats, uniq_duvessa
D:6:      layout_gridville, kennysheep_mini
Temple:   chequers_temple_sunken

Skill      XL: |  1  2  3  4  5  6  7  8  9 |
---------------+----------------------------+-----
Ranged Weapons | 4 5 6 8 9 10 | 10.0
Dodging        | 2 3 |  3.1
Fighting       | 3 4 |  4.7
Armour         | 1 |  1.9
Stealth        | 1 |  1.1

Action                     |  1- 3 |  4- 6 |  7- 9 || total
---------------------------+-------+-------+-------++-------
  Melee: Sling             |       |       |     4 ||     4
   Fire: Sling             |   120 |   226 |   272 ||   618
  Throw: Throwing net      |       |       |     1 ||     1
    Use: Scroll            |       |     5 |     6 ||    11
         Potion            |       |       |     8 ||     8
 Armour: Leather armour    |     7 |    29 |    84 ||   120
  Dodge: Dodged            |     3 |    21 |    61 ||    85

Table legend: (Time is in decaauts)
 A = Elapsed time spent in this place.
 B = Non-inter-level travel time spent in this place.
 C = Inter-level travel time spent in this place.
 D = Time resting spent in this place.
 E = Time spent auto-exploring this place.
 F = Levels seen in this place.
 G = Mean time per level.
                   A        B        C        D        E       F      G
               +--------+--------+--------+--------+--------+-----+--------+
         Total |   4415 |   4125 |    290 |      0 |   3297 |   7 |  630.7 |
       Dungeon |   4385 |   4122 |    263 |      0 |   3297 |   6 |  730.8 |
        Temple |     30 |      3 |     27 |      0 |      0 |   1 |   30.0 |
               +--------+--------+--------+--------+--------+-----+--------+

Top non-repeatable levels by time:
     D:5: 1396 daAuts
     D:3: 906 daAuts
     D:2: 668 daAuts
     D:6: 547 daAuts
     D:4: 456 daAuts
     D:1: 409 daAuts
  Temple: 30 daAuts
